 Dungeon Crawl Stone Soup version 0.31-a0-795-g5eb97db20b (webtiles) character file.

Game seed: 9223544673325529161

5589 Dirtsage the Cleaver (level 10, -11/87 (105) HPs)
             Began as a Demonspawn Berserker on Sept 18, 2023.
             Was an Elder of Trog.
             Killed by divine providence
             ... invoked by Jeremiah
              (16 damage)
             ... on level 8 of the Dungeon.
             The game lasted 00:17:04 (8580 turns).

Dirtsage the Cleaver (Demonspawn Berserker)         Turns: 8580, Time: 00:17:04

HP:   -11/87 (105)  AC: 19    Str: 22    XL:     10   Next: 45%
MP:   10/10         EV:  9    Int:  9    God:    Trog [****..]
Gold: 434           SH: 13    Dex: 12    Spells: 9/9 levels left

rFire   . . .        y - +0 war axe
rCold   . . .        l - +0 kite shield
rNeg    . . .        u - +0 scale mail
rPois   +            (no helmet)
rElec   .            (no cloak)
rCorr   .            J - +0 pair of gloves
SInv    .            n - +0 pair of boots
Will    .....        (no amulet) Stlth
                     P - ring of poison resistance
HPRegen 0.34/turn    K - +4 ring of protection
MPRegen 0.12/turn

%: no passive effects
@: berserking, heavily drained, very quick
A: yellow scales 2, icemail 1, condensation shield, weakness stinger 1
a: Renounce Religion, Berserk, Trog's Hand, Brothers in Arms


You were on level 8 of the Dungeon.
You worshipped Trog.
Trog was greatly pleased with you.
You visited 2 branches of the dungeon, and saw 9 of its levels.
You also visited: Ossuary.

You collected 434 gold pieces.

Inventory:

Hand Weapons
 a - a +0 hand axe
 y - a +0 war axe (weapon)
Missiles
 t - a silver javelin
Armour
 l - a +0 kite shield (worn)
 n - a +0 pair of boots (worn)
 o - a +0 chain mail
 u - a +0 scale mail (worn)
 J - a +0 pair of gloves (worn)
Jewellery
 K - a +4 ring of protection (right hand)
 P - a ring of poison resistance (left hand)
Scrolls
 b - a scroll of amnesia
 d - a scroll of revelation
 f - 8 scrolls of teleportation {unknown}
 g - a scroll of enchant weapon
 i - 2 scrolls of identify
 k - a scroll of enchant armour
 m - a scroll of vulnerability {unknown}
 p - 2 scrolls of noise {unknown}
 q - 2 scrolls of silence {unknown}
 r - 2 scrolls of butterflies {unknown}
 s - 2 scrolls of fog {unknown}
 v - a scroll of blinking {unknown}
 G - a scroll of brand weapon {unknown}
 L - a scroll of poison {unknown}
 M - a scroll of immolation {unknown}
Potions
 c - 3 potions of curing {unknown}
 e - 7 potions of heal wounds {unknown}
 h - 3 potions of berserk rage {unknown}
 j - 2 potions of cancellation {unknown}
 w - a potion of enlightenment {unknown}
 x - 2 potions of attraction {unknown}
 z - a potion of might {unknown}
 A - 3 potions of haste {unknown}
 B - a potion of degeneration {unknown}
 C - a potion of ambrosia {unknown}
 D - 2 potions of brilliance {unknown}
 E - 2 potions of lignification {unknown}
 F - a potion of resistance {unknown}
 H - a potion of mutation {unknown}
 I - a potion of invisibility {unknown}


   Skills:
 - Level 3.0 Fighting
 * Level 12.9 Axes
 - Level 1.7 Armour
 - Level 1.7 Dodging
 + Level 6.7 Shields


You had 9 spell levels left.
You didn't know any spells.
Your spell library contained the following spells:

 Spells                   Type           Power      Damage    Failure   Level
 Summon Small Mammal      Summ           0%         N/A       92%         1
 Ensorcelled Hibernation  Hex/Ice        0%         N/A       98%         2
 Jinxbite                 Hex            0%         N/A       98%         2
 Lesser Beckoning         Tloc           0%         N/A       98%         2
 Call Canine Familiar     Summ           0%         N/A       100%        3
 Gell's Gravitas          Tloc           0%         N/A       100%        3
 Ignite Poison            Fire/Tmut/Pois 0%         N/A       100%        3
 Inner Flame              Hex/Fire       0%         N/A       100%        3
 Summon Guardian Golem    Hex/Summ       0%         N/A       100%        3
 Teleport Other           Tloc           0%         N/A       100%        3
 Anguish                  Hex/Necr       0%         N/A       100%        4
 Flame Wave               Conj/Fire      0%         2d4       100%        4
 Sticky Flame             Conj/Fire      0%         2d3       100%        4
 Ignition                 Fire           0%         3d3       100%        8


Dungeon Overview and Level Annotations

Branches:
Dungeon (8/15)             Temple (1/1) D:7         Ossuary (visited)
   Lair: D:8-11

Altars:
Cheibriados
Dithmenos
Fedhas
Gozag
Hepliaklqana
Kikubaaqudgha
Makhleb
Nemelex Xobeh
Okawaru
Qazlal
Ru
Sif Muna
Trog
Uskayaw
Vehumet
Wu Jian
Xom

Shops:
D:1 =

Annotations:
D:8 Jeremiah


Innate Abilities, Weirdness & Mutations

You are mostly covered in yellow scales. (AC +3)
A meltable icy envelope protects you from harm. (AC +4)
A meltable shield of frost defends you. (SH +4)
You have a small tail.


Message History

You block Jeremiah's attack.
You hit the butterfly.
You kill the butterfly!
The butterfly disappears in a burst of colours!
You hit the butterfly.
You kill the butterfly!
The butterfly disappears in a burst of colours!
You miss the butterfly. You hit the butterfly.
You kill the butterfly!
The butterfly disappears in a burst of colours! x2
Jeremiah mumbles a slurred invocation.
Something smites you!
* * * LOW HITPOINT WARNING * * *
You take 14 damage, and have 6/59 hp.
MASSIVE DAMAGE!!
The butterfly disappears in a burst of colours! x2
Jeremiah barely misses you.
A red film seems to cover your vision as you go berserk!
You feel yourself moving faster!
You feel mighty!
The butterfly disappears in a burst of colours! x3
Jeremiah hits you with a +4 trident of draining.
* * * LOW HITPOINT WARNING * * *
You feel drained.
You now have 5/87 hp.
You slash Jeremiah!
Jeremiah is almost dead.
You slash the butterfly!
You feel the power of Trog in you as your rage grows.
You kill the butterfly!
The butterfly disappears in a burst of colours!
You slice the butterfly!!
You kill the butterfly!
The butterfly disappears in a burst of colours!
You barely miss the butterfly. You hit the butterfly.
You kill the butterfly!
The butterfly disappears in a burst of colours!
You barely miss the butterfly.
Jeremiah shouts, "O dreadful one, destroy my foe!"
Something smites you!
You die...
Jeremiah says, "O terrible one, your will is done."

#.#♣..♣♣♣♣♣.......(.........###
..bb..b♣.♣.♣♣.................#
..b..♣♣.♣.....[......##.....####
..bbb.♣♣.♣..<)[................##
....#.b..#..).)...b.......(......
....b.°..##..b......###..........
..b###...##.........# #..........
.. ##...........b..###..........
. #...#.......@bb(.............
##..###b.b.bbF.####..........
##.## ##....b(.# #..........
#..#####....b..####..........
##..##.....bb................
###...................##.......
..#....###..............##.......
........####.#..........# #......
#.###....#...####..###..# ......


You could see Jeremiah.

Vanquished Creatures
  A two-headed ogre (D:8)
  The ghost of incide the Fighter, a novice DsWn of Gozag (D:8)
  2 unseen horror zombies (D:8)
  A wraith (D:8)
  A steam dragon (D:7)
  Duvessa (D:7)
  2 water moccasins
  4 orc warriors
  2 sky beasts (D:7)
  2 ice beasts (D:6)
  A black bear (D:5)
  A centaur (D:6)
  3 phantoms
  3 wyvern zombies (D:8)
  9 scorpions
  Dowan (D:7)
  2 howler monkeys (D:8)
  5 centaur zombies
  4 jellies
  2 hounds
  3 human zombies (Ossuary)
  6 orc priests
  A sleepcap (D:6)
  3 iguanas
  3 scorpion zombies (Ossuary)
  9 orc wizards
  3 mummies (Ossuary)
  A howler monkey zombie (D:8)
  16 adders
  2 shadow imps (D:5)
  A white imp (D:5)
  An ufetubus (D:6)
  3 worms
  4 dart slugs
  27 orcs
  12 ball pythons
  11 endoplasms
  7 giant cockroaches
  A gnoll zombie (Ossuary)
  3 goblins
  2 hobgoblins (D:2)
  14 jackals
  4 quokkas
  3 bats
  3 frilled lizards (D:1)
  A kobold (D:1)
  3 kobold zombies (Ossuary)
  An orc zombie (Ossuary)
  10 rats
206 creatures vanquished.

Notes
Turn   | Place    | Note
-------+----------+-------------------------------------------
     0 | D:1      | Dirtsage the Demonspawn Berserker began the quest for the
                  | Orb.
     0 | D:1      | Reached XP level 1. HP: 18/18 MP: 1/1
     0 | D:1      | Noticed a jelly
     1 | D:1      | Found a runed translucent door.
    34 | D:1      | Reached skill level 3 in Axes
    41 | D:1      | Gained mutation: A meltable shield of frost defends you.
                  | (SH +4) [demonic ancestry]
    41 | D:1      | Reached XP level 2. HP: 17/24 MP: 2/2
    59 | D:1      | Reached skill level 4 in Axes
    59 | D:1      | Reached XP level 3. HP: 20/29 MP: 3/3
    70 | D:1      | HP: 1/29 [giant cockroach (1)]
    77 | D:1      | HP: 1/29 [frozen (3)]
   285 | D:1      | You fall into a shaft and drop 1 floor!
   310 | D:1      | Reached XP level 4. HP: 21/35 MP: 4/4
   402 | D:1      | Reached ** piety under Trog
   657 | D:1      | Found Duvageoh's Jewellery Boutique.
  1446 | D:2      | Reached skill level 5 in Axes
  1799 | D:3      | Gained mutation: You are partially covered in yellow
                  | scales. (AC +2) [demonic ancestry]
  1799 | D:3      | Reached XP level 5. HP: 36/41 MP: 5/5
  1822 | D:3      | Found an opulent altar of Gozag.
  1955 | D:3      | Reached *** piety under Trog
  2008 | D:3      | Found a shadowy altar of Dithmenos.
  2747 | D:4      | Found a sand-covered staircase.
  2754 | Ossuary  | Entered an ossuary
  2776 | Ossuary  | Reached skill level 6 in Axes
  2776 | Ossuary  | Gained mutation: You are mostly covered in yellow scales.
                  | (AC +3) [demonic ancestry]
  2776 | Ossuary  | Reached XP level 6. HP: 46/47 MP: 6/6
  2944 | Ossuary  | Reached skill level 7 in Axes
  2953 | Ossuary  | Gained mutation: You have a small tail. [demonic ancestry]
  2953 | Ossuary  | Reached XP level 7. HP: 45/52 MP: 7/7
  3240 | Ossuary  | Reached skill level 8 in Axes
  4164 | D:4      | Reached **** piety under Trog
  4360 | D:5      | Entered Level 5 of the Dungeon
  4375 | D:5      | Reached XP level 8. HP: 58/58 MP: 8/8
  4406 | D:5      | Reached skill level 9 in Axes
  4587 | D:5      | Reached skill level 1 in Shields
  4758 | D:5      | Found a sacrificial altar of Ru.
  4758 | D:5      | Found an ornate altar of the Wu Jian Council.
  5585 | D:6      | Reached skill level 10 in Axes
  5942 | D:6      | Gained mutation: A meltable icy envelope protects you from
                  | harm. (AC +4) [demonic ancestry]
  5942 | D:6      | Reached XP level 9. HP: 24/63 MP: 9/9
  6311 | D:6      | Identified the +2 robe of Kiunaled {Rampage Str+3 Dex+2}
  6515 | D:7      | Found a sparkling altar of Nemelex Xobeh.
  6521 | D:7      | Found a shimmering blue altar of Sif Muna.
  6522 | D:7      | Found a burning altar of Makhleb.
  6584 | D:7      | Found a staircase to the Ecumenical Temple.
  6589 | Temple   | Entered the Ecumenical Temple
  6634 | D:7      | Found a radiant altar of Vehumet.
  6738 | D:7      | Reached skill level 11 in Axes
  7127 | D:7      | Noticed Dowan
  7128 | D:7      | Noticed Duvessa
  7136 | D:7      | Killed Dowan
  7137 | D:7      | Reached skill level 5 in Shields
  7147 | D:7      | Killed Duvessa
  7660 | D:8      | Reached skill level 12 in Axes
  7667 | D:8      | Noticed a two-headed ogre
  7794 | D:8      | Killed a two-headed ogre
  7795 | D:8      | Reached XP level 10. HP: 64/70 MP: 10/10
  8236 | D:8      | Found a runed translucent door.
  8237 | D:8      | Noticed incide's ghost (novice DsWn)
  8252 | D:8      | Killed incide's ghost
  8342 | D:8      | Noticed Jeremiah
  8580 | D:8      | Killed from afar by Jeremiah

Illustrated notes

Levels and vault maps discovered:
D:1:      dpeg_arrival_caged_fury, layout_basic, serial_shops,
          nicolae_shop_tiny_glass
D:2:      layout_loops_ring, minmay_shallow_snake_nest
D:3:      layout_loops_ring, general_overflow_altar,
          mainiacjoe_overflow_brackets
D:4:      layout_loops_corners, nicolae_ossuary_entry_false_entrances
D:5:      kennysheep_spiral_hall, layout_loops_cross,
          chequers_temple_overflow_statue_of_worship
D:6:      layout_loops_cross
D:7:      layout_basic, grunt_temple_overflow_open, lemuel_crystal_altar,
          temple_doors_e, uniq_duvessa
D:8:      layout_cave_pools, nicolae_yredelemnul_corpse_copse,
          gammafunk_ghost_grave, minmay_misc_feat_rugged,
          kennysheep_flooded_box, nicolae_shop_sticking_my_neck_out,
          uniq_jeremiah
Temple:   nicolae_temple_hex_pool

Skill      XL: |  1  2  3  4  5  6  7  8  9 |
---------------+----------------------------+-----
Axes           | 3 4 5 6 7 8 10 12 | 12.9
Shields        | 3 6 |  6.7
Fighting       | |  3.0
Armour         | |  1.7
Dodging        | |  1.7

Action                     |  1- 3 |  4- 6 |  7- 9 | 10-12 || total
---------------------------+-------+-------+-------+-------++-------
  Melee: Hand axe          |    63 |   237 |   165 |       ||   465
         Punch             |     2 |     2 |     9 |       ||    13
         Tailslap          |       |       |    65 |    11 ||    76
         War axe           |       |       |   274 |   104 ||   378
  Throw: Javelin           |       |       |     3 |     4 ||     7
 Invoke: Berserk           |     1 |     3 |    10 |     4 ||    18
    Use: Scroll            |       |       |     4 |       ||     4
   Stab: Sleeping          |     1 |       |       |       ||     1
 Armour: Animal skin       |    21 |    11 |       |       ||    32
         Chain mail        |       |    37 |       |       ||    37
         Leather armour    |       |    19 |       |       ||    19
         Scale mail        |       |    71 |   342 |    40 ||   453
  Dodge: Dodged            |    30 |   111 |   192 |    19 ||   352
  Block: Other             |     7 |    36 |    67 |       ||   110
         Kite shield       |       |       |    23 |    39 ||    62

Table legend: (Time is in decaauts)
 A = Elapsed time spent in this place.
 B = Non-inter-level travel time spent in this place.
 C = Inter-level travel time spent in this place.
 D = Time resting spent in this place.
 E = Time spent auto-exploring this place.
 F = Levels seen in this place.
 G = Mean time per level.
                   A        B        C        D        E       F      G
               +--------+--------+--------+--------+--------+-----+--------+
         Total |   8719 |   8531 |    188 |   1387 |   5642 |  10 |  871.9 |
       Dungeon |   7837 |   7649 |    188 |   1068 |   5299 |   8 |  979.6 |
        Temple |      1 |      1 |      0 |      0 |      0 |   1 |    1.0 |
       Ossuary |    879 |    879 |      0 |    319 |    343 |   1 |  879.0 |
               +--------+--------+--------+--------+--------+-----+--------+

Top non-repeatable levels by time:
     D:7: 1516 daAuts
     D:5: 1170 daAuts
     D:1: 1046 daAuts
     D:6: 1003 daAuts
     D:4: 930 daAuts
 Ossuary: 879 daAuts
     D:3: 822 daAuts
     D:2: 734 daAuts
     D:8: 615 daAuts
  Temple: 1 daAuts
